 Dungeon Crawl Stone Soup version 0.24-a0-264-gf46a388 (webtiles) character file.

Game seed: 10307312659564315106

43 Hasart the Cutter (level 3, 0/22 HPs)
             Began as a Kobold Gladiator on Apr 20, 2019.
             Succumbed to an adder's poison
             ... on level 2 of the Dungeon.
             The game lasted 00:02:25 (771 turns).

Hasart the Cutter (Kobold Gladiator)                 Turns: 771, Time: 00:02:25

Health: 0/22       AC:  4    Str: 10 (12) XL:     3   Next: 82%
Magic:  3/3        EV: 15    Int:  7 (9)  God:
Gold:   67         SH:  0    Dex: 14 (16) Spells: 2/2 levels left

rFire    . . .     SeeInvis .   a - +0 rapier
rCold    . . .     Gourm    .   (shield restricted)
rNeg     . . .     Faith    .   b - +0 leather armour
rPois    .         Spirit   .   c - +0 helmet
rElec    .         Reflect  .   (no cloak)
rCorr    .         Harm     .   (no gloves)
MR       .....                  (no boots)
Stlth    ++........             (no amulet)
HPRegen  0.07/turn              (no ring)
MPRegen  0.08/turn              (no ring)

@: lethally poisoned (0 -> -11)
A: small, carnivore
a: no special abilities


You were on level 2 of the Dungeon.
You were completely stuffed.

You visited 1 branch of the dungeon, and saw 2 of its levels.

You collected 67 gold pieces.

Inventory:

Hand Weapons
 a - a +0 rapier (weapon)
Missiles
 d - 3 throwing nets (quivered)
Armour
 b - a +0 leather armour (worn)
 c - a +0 helmet (worn)
Scrolls
 e - 2 scrolls of enchant armour {unknown}
 i - 2 scrolls of identify {unknown}
Comestibles
 f - 2 rations


   Skills:
 + Level 2.6 Fighting
 * Level 4.7 Short Blades
 - Level 2.1 Throwing
 + Level 0.8 Armour
 + Level 3.9 Dodging
 + Level 1.7 Stealth


You had 2 spell levels left.
You didn't know any spells.
Your spell library was empty.

Dungeon Overview and Level Annotations

Branches:
Dungeon (2/15)

Altars:


Innate Abilities, Weirdness & Mutations

You are small and have problems with some larger weapons.
You are carnivorous and can eat meat at any time.


Message History

It was a potion of degeneration.
There was something very wrong with that liquid.
You feel weakened.
You feel dopey.
You feel clumsy.
You feel sick. The adder barely misses you.
You completely miss the adder.
The adder is moderately wounded.
The adder bites you.
* * * LOW HITPOINT WARNING * * *
You are more poisoned.
The adder poisons you!
You hit the adder.
The adder is heavily wounded.
* * * LOW HITPOINT WARNING * * *
You feel sick. The adder bites you.
* * * LOW HITPOINT WARNING * * *
You puncture the adder!
You kill the adder!
* * * LOW HITPOINT WARNING * * *
You feel sick.
You die...

####.#####
#........#
+.†......#
########........#
#......<#'#+#...
#.#######.#.#.#
#### .......)....#
.....
#########.###....#
#......@.#
#.#####..# #..#
#.... #...## #....
#..### #..#


There were no monsters in sight!

Vanquished Creatures
  An adder (D:2)
  2 dart slugs (D:1)
  A leopard gecko (D:1)
  2 giant cockroaches (D:1)
  4 goblins
  5 hobgoblins (D:1)
  A quokka (D:2)
  4 bats (D:1)
  3 kobolds (D:1)
  4 rats (D:1)
27 creatures vanquished.

Notes
Turn   | Place    | Note
-------+----------+-------------------------------------------
     0 | D:1      | Hasart the Kobold Gladiator began the quest for the Orb.
     0 | D:1      | Reached XP level 1. HP: 12/12 MP: 1/1
    79 | D:1      | Reached XP level 2. HP: 15/18 MP: 2/2
   164 | D:1      | Reached skill level 1 in Stealth
   427 | D:1      | Reached XP level 3. HP: 17/22 MP: 3/3
   770 | D:2      | HP: 1/22 [poisoned by an adder]
   771 | D:2      | Succumbed to an adder's poison

Levels and vault maps discovered:
D:1:      nzn_arrival_crosshair, layout_basic, corexii_leaking_fountain
D:2:      layout_basic, minmay_pentomino_v2

Skill      XL: |  1  2 |
---------------+-------+-----
Stealth        | 1 |  1.7
Fighting       | |  2.6
Short Blades   | |  4.7
Throwing       | |  2.1
Armour         | |  0.8
Dodging        | |  3.9

Action                   || total
-------------------------++-------
Melee: Rapier            ||    84
  Use: Potion            ||     1
 Stab: Sleeping          ||     2
  Eat: Chunk             ||     8
Armor: Leather armour    ||    34
Dodge: Dodged            ||    80

Table legend:
 A = Non-vault XP
 B = Vault XP
 C = Vault XP percentage of total XP
 D = Non-vault monster count
 E = Vault monster count
 F = Vault count percentage of total count
                 A         B        C        D         E       F
            +---------+---------+-------+---------+---------+-------
      Total |      48 |      14 |  22.6 |      26 |       1 |   3.7
            +---------+---------+-------+---------+---------+-------
        D:1 |      44 |       0 |   0.0 |      24 |       0 |   0.0
        D:2 |       4 |      14 |  77.8 |       2 |       1 |  33.3
            +---------+---------+-------+---------+---------+-------
